 Dungeon Crawl Stone Soup version 0.30.1-3-gfc49f6343a (webtiles) character file.

Game seed: 17440360827885392275

270 Arctor the Firebug (level 6, -2/32 HPs)
             Began as a Gargoyle Fire Elementalist on July 24, 2023.
             Killed from afar by Dowan (10 damage)
             ... with a puff of frost
             ... on level 4 of the Dungeon.
             The game lasted 00:04:36 (4238 turns).

Arctor the Firebug (Gargoyle Fire Elementalist)     Turns: 4238, Time: 00:04:36

Health: -2/32      AC:  8    Str: 11    XL:     6   Next: 22%
Magic:  0/10       EV: 12    Int: 18    God:
Gold:   283        SH:  0    Dex: 10    Spells: 8/11 levels left

rFire   . . .        (no weapon)
rCold   . . .        (no shield)
rNeg    + . .        a - +0 robe
rPois   ∞            (no helmet)
rElec   +            i - +1 cloak
rCorr   .            (no gloves)
SInv    +            (no boots)
Will    .....        (no amulet)
Stlth   ++           e - ring of see invisible
HPRegen 1.05/turn    (no ring)
MPRegen 0.12/turn

%: no passive effects
@: on berserk cooldown, flying, hasted and slowed
A: sickness immunity, AC +4, negative energy resistance 1, electricity
resistance, torment resistance 1, petrification resistance, regeneration 1
a: no special abilities


You were on level 4 of the Dungeon.
You visited 1 branch of the dungeon, and saw 4 of its levels.

You collected 283 gold pieces.

Inventory:

Armour
 a - a +0 robe (worn)
 i - a +1 cloak (worn)
Magical Staves
 q - a staff of air
Jewellery
 e - a ring of see invisible (left hand)
Wands
 o - a wand of paralysis (3)
Scrolls
 f - a scroll of teleportation {unknown}
 h - 2 scrolls of fear {unknown}
 j - 2 scrolls of amnesia
 k - 2 scrolls of identify {unknown}
 l - 2 scrolls of silence {unknown}
 m - a scroll of blinking {unknown}
 n - a scroll of magic mapping {unknown}
 r - a scroll of butterflies {unknown}
Potions
 b - 2 potions of magic
 g - 4 potions of curing


   Skills:
 + Level 2.7 Dodging
 + Level 3.8 Stealth
 + Level 3.1 Spellcasting
 + Level 3.0 Conjurations
 + Level 4.0 Fire Magic


You had 8 spell levels left.
You knew the following spells:

 Your Spells              Type           Power      Damage    Failure   Level
a - Foxfire               Conj/Fire      60%        2x1d7     3%          1
b - Scorch                Fire           34%        2d6       4%          2

Your spell library contained the following spells:

 Spells                   Type           Power      Damage    Failure   Level
 Inner Flame              Hex/Fire       10%        N/A       22%         3
 Volatile Blastmotes      Fire/Tloc      20%        2d11      22%         3
 Ensorcelled Hibernation  Hex/Ice        4%         N/A       24%         2
 Passwall                 Tmut/Erth      1%         N/A       24%         2
 Flame Wave               Conj/Fire      15%        2d7       36%         4
 Swiftness                Air            2%         N/A       43%         3


Dungeon Overview and Level Annotations

Branches:
Dungeon (4/15)
 Temple: D:4-7

Altars:
Cheibriados
Dithmenos
Gozag
Trog
The Shining One

Annotations:
D:4 Dowan, Duvessa


Innate Abilities, Weirdness & Mutations

You are immune to sickness and miasma.
Your stone body is resilient. (AC +4)
You are immune to poison.
You resist negative energy. (rN+)
You are resistant to electric shocks. (rElec)
You are resistant to unholy torment.
You are immune to petrification.
Your natural rate of healing is unusually fast.


Message History

Duvessa is severely wounded.
Duvessa hits you with a +0 short sword!
You hit Duvessa but do no damage.
Duvessa is severely wounded.
Duvessa barely misses you.
You closely miss Duvessa.
Duvessa is severely wounded.
You are too berserk!
Sorry, you're not good enough to have a special ability.
Unknown command.
You are too berserk!
Sorry, you're not good enough to have a special ability.
You completely miss Duvessa.
Duvessa is severely wounded.
Duvessa closely misses you.
You barely miss Duvessa.
Duvessa is severely wounded.
Dowan casts a spell at you. The puff of flame misses you.
You are too berserk!
Sorry, you're not good enough to have a special ability.
You hit Duvessa but do no damage.
Duvessa is severely wounded.
You barely miss Duvessa.
Duvessa is severely wounded.
Duvessa closely misses you.
You closely miss Duvessa.
Duvessa is severely wounded.
You completely miss Duvessa.
Duvessa is severely wounded.
You are no longer berserk.
You are exhausted.
You feel yourself slow down. Duvessa hits you with a +0 short sword.
Casting: Foxfire (safe; 3% risk of failure)
Confirm with . or Enter, or press ? or * to list all spells.
You conjure some foxfire!
Duvessa hits you with a +0 short sword!
* * * LOW HITPOINT WARNING * * *
Dowan casts a spell at you. The puff of frost hits you!
You die...

#..##...####.##..##'#####..
#..#..........#..#.........
+..#........^.#..#.........
#..........#..'.........
#..........#..#.......##
#..........#..##+######
######.#######..#
#....#.###v.##..#
#....#..e@v.....#
#....'..e.......#
#....#'##########
....#####..######. ...
#..§.e....! . #..........
#.......... ###########


You could see Duvessa (ally target) and Dowan.

Vanquished Creatures
  A phantom (D:3)
  Blork the orc (D:4)
  An orc wizard (D:3)
  5 adders
  5 dart slugs
  4 orcs (D:3)
  5 endoplasms
  A giant cockroach (D:2)
  5 goblins
  A hobgoblin (D:2)
  4 quokkas
  6 ball pythons
  4 bats
  2 frilled lizards (D:2)
  3 kobolds
  4 rats
52 creatures vanquished.

Vanquished Creatures (collateral kills)
  6 foxfires (D:2)
6 creatures vanquished.

Vanquished Creatures (others)
  225 foxfires
225 creatures vanquished.

Grand Total: 283 creatures vanquished

Notes
Turn   | Place    | Note
-------+----------+-------------------------------------------
     0 | D:1      | Arctor the Gargoyle Fire Elementalist began the quest for
                  | the Orb.
     0 | D:1      | Reached XP level 1. HP: 10/10 MP: 3/3
   231 | D:1      | Reached XP level 2. HP: 15/15 MP: 1/5
  1116 | D:2      | Reached XP level 3. HP: 19/19 MP: 4/6
  1146 | D:2      | Learned a level 2 spell: Scorch
  1526 | D:2      | Reached XP level 4. HP: 24/24 MP: 4/7
  2733 | D:3      | Found an opulent altar of Gozag.
  2900 | D:3      | Reached XP level 5. HP: 9/28 MP: 1/9
  3140 | D:3      | Found the +1 Delatra's gloves {ID++}
  3265 | D:3      | Found a faded altar of an unknown god.
  3451 | D:3      | Found a glowing golden altar of the Shining One.
  3451 | D:3      | Noticed a phantom
  3465 | D:3      | Found a bloodstained altar of Trog.
  3467 | D:3      | Killed a phantom
  3696 | D:3      | Found a snail-covered altar of Cheibriados.
  3741 | D:3      | Found a shadowy altar of Dithmenos.
  3964 | D:4      | Noticed Blork the orc
  3976 | D:4      | Killed Blork the orc
  3977 | D:4      | Reached skill level 4 in Fire Magic
  3977 | D:4      | Reached XP level 6. HP: 22/32 MP: 0/10
  4199 | D:4      | Noticed Duvessa
  4205 | D:4      | Noticed Dowan
  4214 | D:4      | Gained mutation: Your natural rate of healing is unusually
                  | fast. [potion of mutation]
  4238 | D:4      | Killed from afar by Dowan

Illustrated notes

Levels and vault maps discovered:
D:1:      dpeg_arrival_arbitrary_b, layout_rooms
D:2:      layout_loops_ring, serial_bayou, serial_bayou_ford_a,
          serial_bayou_lagoon_b, serial_bayou_pond_c, serial_bayou_lagoon_a
D:3:      wander_river, layout_loops_ring,
          mainiacjoe_overflow_concentric_impassable,
          mainiacjoe_overflow_big_doors, grunt_temple_overflow_open,
          chequers_ecumenical_altar_simple_redux, minivault_19,
          corexii_leaking_fountain, pf_guarded_unrand_delatra
D:4:      layout_gridville, uniq_blork_the_orc, uniq_duvessa, uniq_eustachio

Skill      XL: |  1  2  3  4  5  6 |
---------------+-------------------+-----
Dodging        | 2 |  2.7
Conjurations   | 2 3 |  3.0
Stealth        | 3 |  3.8
Spellcasting   | 3 |  3.1
Fire Magic     | 4 |  4.0

Action                     |  1- 3 |  4- 6 || total
---------------------------+-------+-------++-------
  Melee: Unarmed           |    16 |    59 ||    75
         Punch             |       |     1 ||     1
   Cast: Foxfire           |    65 |    86 ||   151
         Scorch            |       |     6 ||     6
    Use: Scroll            |     2 |     1 ||     3
         Potion            |       |     6 ||     6
   Stab: Sleeping          |       |     1 ||     1
 Armour: Robe              |     5 |    26 ||    31
         Skin              |       |     1 ||     1
  Dodge: Dodged            |    15 |    43 ||    58
